 Dungeon Crawl Stone Soup version 0.30-a0-465-g8901f6c8b5 (webtiles) character file.

Game seed: 17864045371251585710

13 Popcorn the Grave Robber (level 2, -5/19 HPs)
             Began as a Vampire Necromancer on Dec 18, 2022.
             Slain by a worm (6 damage)
             ... on level 2 of the Dungeon.
             The game lasted 00:05:26 (609 turns).

Popcorn the Grave Robber (Vampire Necromancer)       Turns: 609, Time: 00:05:27

Health: -5/19      AC:  2    Str:  7    XL:     2   Next: 24%
Magic:  2/5        EV: 12    Int: 17    God:
Gold:   101        SH:  0    Dex: 14    Spells: 4/5 levels left

rFire   . . .      SeeInvis +    (no weapon)
rCold   . . .      Faith    .    (no shield)
rNeg    . . .      Spirit   .    a - +0 robe
rPois   .          Reflect  .    (no helmet)
rElec   .          Harm     .    (no cloak)
rCorr   .          Rampage  .    (no gloves)
Will    .....                    (no boots)
Stlth   ++........               (no amulet)
HPRegen 0.43/turn                (no ring)
MPRegen 0.09/turn                (no ring)

@: healing quickly
A: alive, fangs 3, see invisible, vampiric 1
a: Exsanguinate


You were on level 2 of the Dungeon.
You visited 1 branch of the dungeon, and saw 2 of its levels.

You collected 101 gold pieces.

Inventory:

Armour
 a - a +0 robe (worn)
Scrolls
 c - a scroll of identify
 d - a scroll of teleportation
Potions
 b - a potion of magic


   Skills:
 + Level 2.4 Dodging
 + Level 3.2 Stealth
 + Level 0.5 Unarmed Combat
 * Level 2.2 Spellcasting
 + Level 4.5 Necromancy


You had 4 spell levels left.
You knew the following spells:

 Your Spells              Type           Power      Damage    Failure   Level
a - Necrotise             Necr           68%        1d7       3%          1

Your spell library contained the following spells:

 Spells                   Type           Power      Damage    Failure   Level
 Vampiric Draining        Necr           17%        2d7       9%          3
 Blink                    Tloc           2%         N/A       28%         2
 Animate Dead             Necr           17%        N/A       30%         4
 Ozocubu's Armour         Ice            1%         N/A       50%         3
 Manifold Assault         Tloc           1%         N/A       88%         4
 Agony                    Necr           17%        N/A       63%         5
 Ozocubu's Refrigeration  Ice            0%         4d7       100%        7
 Storm Form               Tmut/Air       0%         N/A       100%        7


Dungeon Overview and Level Annotations

Branches:
Dungeon (2/15)

Altars:

Shops:
D:1 =


Innate Abilities, Weirdness & Mutations

Your natural rate of healing is accelerated.
You have razor-sharp teeth.
You have supernaturally acute eyesight. (SInv)
You are afflicted with vampirism.


Message History

Your hobgoblin skeleton barely misses the worm.
The worm bites you!
Ouch! That really hurt!
You barely miss the worm.
Your hobgoblin skeleton hits the worm but does no damage.
Aiming: Necrotise (safe; 3% risk of failure)
Press: ? - help, Q - select action Shift-Dir - straight line, f - worm
Aim: a worm (ally target, chance to affect: 81%)
The worm writhes in agony.
The worm barely misses you.
Your hobgoblin skeleton hits the worm.
Aiming: Necrotise (safe; 3% risk of failure)
Press: ? - help, Q - select action Shift-Dir - straight line, f/p - worm
Aim: a worm (heavily wounded, ally target, chance to affect: 81%)
The worm writhes in agony.
Aiming: Necrotise (safe; 3% risk of failure)
Press: ? - help, Q - select action Shift-Dir - straight line, f/p - worm
Aim: a worm (severely wounded, ally target, chance to affect: 81%)
The worm writhes in agony.
Your hobgoblin skeleton hits the worm.
The worm misses you.
You hit the worm.
You kill the worm!
Your hobgoblin skeleton hits the worm.
You barely miss the worm.
The worm is lightly wounded.
Your hobgoblin skeleton barely misses the worm.
You hit the worm.
The worm is moderately wounded.
The worm barely misses you.
Your hobgoblin skeleton hits the worm.
You hit the worm. You punch the worm.
The worm is heavily wounded.
You hit the worm.
The worm is severely wounded.
Your hobgoblin skeleton completely misses the worm.
The worm bites you!
* * * LOW HITPOINT WARNING * * *
You hit the worm but do no damage. Your bite misses the worm.
The worm is severely wounded.
Your hobgoblin skeleton closely misses the worm.
The worm bites you.
You die...

####.## #
..... .#
#..##.#####
#.....)....
#.<.w.#
#######.#####
........Z.#
#######w#.# .
#@#.# #.
#.#.#
#.##.#.##
.#.......#
.........#
#####....#
#...##
########..##
#.........##


You could see a worm (ally target) and a friendly hobgoblin skeleton.

Vanquished Creatures
  A worm (D:2)
  A ball python (D:1)
  An endoplasm (D:1)
  A goblin (D:1)
  A hobgoblin (D:2)
  A quokka (D:1)
6 creatures vanquished.

Vanquished Creatures (collateral kills)
  A dart slug (D:1)
1 creature vanquished.

Grand Total: 7 creatures vanquished

Notes
Turn   | Place    | Note
-------+----------+-------------------------------------------
     0 | D:1      | Popcorn the Vampire Necromancer began the quest for the
                  | Orb.
     0 | D:1      | Reached XP level 1. HP: 13/13 MP: 3/3
   117 | D:1      | Found Quzuoly's Jewellery Shop.
   273 | D:1      | Reached XP level 2. HP: 14/19 MP: 5/5
   609 | D:2      | Slain by a worm

Illustrated notes

Levels and vault maps discovered:
D:1:      evilmike_arrival_crescent, layout_rooms, serial_shops,
          nicolae_diamond_shop
D:2:      kennysheep_six_static_rooms, layout_basic,
          shapermc_ecumenical_altar_mp_ritualfount, st_stairs_6, uniq_sigmund,
          uniq_natasha, uniq_robin

Action                   || total
-------------------------++-------
Melee: Unarmed           ||    48
       Punch             ||     2
       Bite              ||     1
 Cast: Necrotise         ||     6
  Use: Scroll            ||     2
Armor: Robe              ||     8
Dodge: Dodged            ||    32

Table legend: (Time is in decaauts)
 A = Elapsed time spent in this place.
 B = Non-inter-level travel time spent in this place.
 C = Inter-level travel time spent in this place.
 D = Time resting spent in this place.
 E = Time spent auto-exploring this place.
 F = Levels seen in this place.
 G = Mean time per level.
                   A        B        C        D        E       F      G
               +--------+--------+--------+--------+--------+-----+--------+
         Total |    608 |    596 |     12 |     22 |    435 |   2 |  304.0 |
       Dungeon |    608 |    596 |     12 |     22 |    435 |   2 |  304.0 |
               +--------+--------+--------+--------+--------+-----+--------+

Top non-repeatable levels by time:
     D:1: 527 daAuts
     D:2: 81 daAuts
